 Dungeon Crawl Stone Soup version 0.29-a0-844-ge8845773e3 (webtiles) character file.

Game seed: 2668198515529977337

83 Gargoyl the Trooper (level 4, -1/29 HPs)
             Began as a Gargoyle Berserker on July 15, 2022.
             Was a Believer of Trog.
             Slain by a gnoll
             ... wielding a +0 spear
              (6 damage)
             ... on level 3 of the Dungeon.
             The game lasted 00:02:27 (2405 turns).

Gargoyl the Trooper (Gargoyle Berserker)            Turns: 2405, Time: 00:02:28

Health: -1/29      AC: 10    Str: 21    XL:     4   Next: 44%
Magic:  4/4        EV: 11    Int:  7    God:    Trog [**....]
Gold:   100        SH:  0    Dex: 11    Spells: 3/3 levels left

rFire   . . .      SeeInvis .   d - +3 whip
rCold   . . .      Faith    .   (no shield)
rNeg    + . .      Spirit   .   e - +1 ring mail
rPois   ∞          Reflect  .   (no helmet)
rElec   +          Harm     .   (no cloak)
rCorr   .          Rampage  .   (no gloves)
Will    .....                   (no boots)
Stlth   +.........              (no amulet)
HPRegen 0.09/turn               (no ring)
MPRegen 0.09/turn               (no ring)

@: on berserk cooldown, slowed, very slow
A: sickness immunity, AC +3, negative energy resistance 1, electricity
resistance, torment resistance 1, petrification resistance
a: Renounce Religion, Berserk, Trog's Hand


You were on level 3 of the Dungeon.
You worshipped Trog.
Trog was pleased with you.
You visited 1 branch of the dungeon, and saw 3 of its levels.

You collected 100 gold pieces.

Inventory:

Hand Weapons
 a - a +0 hand axe
 d - a +3 whip (weapon)
Armour
 e - a +1 ring mail (worn)
Scrolls
 c - a scroll of teleportation
 k - a scroll of identify
 l - a scroll of vulnerability {unknown}
Potions
 b - a potion of lignification {unknown}
 f - a potion of invisibility
 g - a potion of haste {unknown}
 h - a potion of curing {unknown}
 i - a potion of mutation {unknown}


   Skills:
 + Level 3.8 Fighting
 + Level 3.7 Axes
 + Level 2.9 Armour
 + Level 1.9 Dodging
 + Level 0.2 Stealth


You had 3 spell levels left.
You didn't know any spells.
Your spell library was empty.

Dungeon Overview and Level Annotations

Branches:
Dungeon (3/15)

Altars:

Annotations:
D:1 1 transporter


Innate Abilities, Weirdness & Mutations

You are immune to sickness and miasma.
Your stone body is resilient. (AC +3)
You are immune to poison.
You resist negative energy. (rN+)
You are resistant to electric shocks. (rElec)
You are resistant to unholy torment.
You are immune to petrification.


Message History

You feel yourself moving faster!
You feel mighty! The gnoll hits you with a +3 whip.
You hit the gnoll. You punch the gnoll.
The gnoll is severely wounded.
The gnoll hits you with a +3 whip!
You slash the gnoll!
You kill the gnoll!
Trog accepts your kill.
You see here a +3 whip.
Unknown command.
You feel a strong urge to attack something.
A gnoll comes into view. It is wielding a +0 spear.
You are no longer berserk.
You are exhausted.
You feel yourself slow down.
The gnoll shouts!
You see here a +3 whip.
d - a +3 whip
d - a +3 whip (weapon)
A gnoll comes into view. It is wielding a +0 club.
A frilled lizard comes into view.
The gnoll hits you but does no damage.
You hit the frilled lizard.
You kill the frilled lizard!
Trog accepts your kill. The gnoll hits you but does no damage.
A goblin comes into view. It is wielding a +0 club.
The goblin shouts!
The gnoll hits you with a +0 spear. x2
* * * LOW HITPOINT WARNING * * *
You see here a frilled lizard corpse.
You closely miss the gnoll.
The gnoll hits you but does no damage. x2
You hit the gnoll.
The gnoll is lightly wounded.
The gnoll hits you but does no damage. x2; The gnoll misses you.
The gnoll hits you with a +0 club.
* * * LOW HITPOINT WARNING * * *
Unknown command.
The gnoll hits you from afar with a +0 spear.
You die...

#.# #.##§# #.# #.##<#
.# #.#####.##.##..#
#.................
#..######..##..#.#
#..# #..# .# #..#
#..# .###.#
#..######..###g....#.
#..†........@gg......
##...........).####..
#####.####.#......
#.# #......... #.#
#.#######.. #.# #.. .
#.# #.. #.# #... #.#
...


You could see 2 gnolls and a goblin.

Vanquished Creatures
  A gnoll (D:3)
  2 adders
  3 bats (D:1)
  6 endoplasms
  4 giant cockroaches
  6 goblins
  4 hobgoblins
  3 kobolds
  2 quokkas (D:2)
  6 ball pythons
  7 frilled lizards
  9 rats
53 creatures vanquished.

Notes
Turn   | Place    | Note
-------+----------+-------------------------------------------
     0 | D:1      | Gargoyl the Gargoyle Berserker began the quest for the Orb.
     0 | D:1      | Reached XP level 1. HP: 14/14 MP: 1/1
   294 | D:1      | Reached XP level 2. HP: 17/19 MP: 2/2
   639 | D:1      | Reached XP level 3. HP: 22/24 MP: 3/3
  1849 | D:2      | Reached ** piety under Trog
  1978 | D:2      | Found a faded altar of an unknown god.
  2134 | D:2      | Reached XP level 4. HP: 29/29 MP: 4/4
  2405 | D:3      | Slain by a gnoll

Illustrated notes

Levels and vault maps discovered:
D:1:      spicycebolla_arrival_transporter_tutorial, layout_loops_ring,
          bh_walls_and_bars
D:2:      cheibrodos_old_hovel, layout_loops_corners,
          dreamdust_ecumenical_altar_sealed_demon,
          amcnicky_mini_corridor_feature, kennysheep_nondescript
D:3:      layout_loops_ring, mainiacjoe_overflow_brackets,
          kennysheep_orc_sif_temple, uniq_natasha

Skill      XL: |  1  2 |
---------------+-------+-----
Axes           | 3 |  3.7
Fighting       | |  3.8
Armour         | |  2.9
Dodging        | |  1.9
Stealth        | |  0.2

Action                   |  1- 3 |  4- 6 || total
-------------------------+-------+-------++-------
Melee: Hand axe          |   133 |    43 ||   176
       Punch             |     2 |     1 ||     3
       Whip              |       |     3 ||     3
Invok: Berserk           |       |     1 ||     1
  Use: Scroll            |     5 |     2 ||     7
 Stab: Sleeping          |     1 |       ||     1
Armor: Animal skin       |    17 |       ||    17
       Ring mail         |    31 |    27 ||    58
Dodge: Dodged            |    83 |    23 ||   106

Table legend: (Time is in decaauts)
 A = Elapsed time spent in this place.
 B = Non-inter-level travel time spent in this place.
 C = Inter-level travel time spent in this place.
 D = Time resting spent in this place.
 E = Time spent auto-exploring this place.
 F = Levels seen in this place.
 G = Mean time per level.
                   A        B        C        D        E       F      G
               +--------+--------+--------+--------+--------+-----+--------+
         Total |   2431 |   2354 |     77 |      0 |   1811 |   3 |  810.3 |
       Dungeon |   2431 |   2354 |     77 |      0 |   1811 |   3 |  810.3 |
               +--------+--------+--------+--------+--------+-----+--------+

Top non-repeatable levels by time:
     D:1: 1230 daAuts
     D:2: 1108 daAuts
     D:3: 92 daAuts
